Map: World of Sleepers LE

Players

CodeGeass - Winner!

  • Race: Terran Terran
  • Spawn Location: 7:00

pHARM

  • Race: Zerg Zerg
  • League: Platinum
  • Spawn Location: 1:00

VOD

Have the link to the VOD?

Description

Time

  • Played on: Aug. 30, 2019, 9:38 p.m.
  • Length: 6:35
Show
View Real Time Build Order
Export as new Build Order

CodeGeass Terran - Winner!

Build Orders: 1/1/1 

Get SALT Encoding   

  12  0:01  SCV  
  13  0:13  SCV  
  14  0:17  Supply Depot  
  14  0:25  SCV  
  15  0:31  Refinery  
  15  0:39  SCV  
  16  0:45  Barracks  
  16  0:51  SCV  
  17  1:03  SCV  
  18  1:10  Refinery  
  18  1:15  SCV  
  19  1:27  SCV  
  20  1:36  Factory  
  21  1:40  SCV  
  21  1:44  Barracks Reactor  
  21  1:50  Supply Depot  
  21  1:55  Orbital Command  
  21  2:12  Supply Depot  
  21  2:19  Marine  
  21  2:20  Marine  
  21  2:22  Starport  
  23  2:23  Factory Tech Lab  
  23  2:25  SCV  
  24  2:37  SCV  
  24  2:40  Supply Depot  
  24  2:41  Marine  
  24  2:42  Marine  
  27  2:49  SCV  
  28  2:54  Siege Tank  
  31  3:04  Fusion Core  
  31  3:11  Marine  
  31  3:12  Marine  
  33  3:44  Supply Depot  
  33  3:52  Factory Tech Lab  
  33  3:58  Battlecruiser  
  39  4:04  Marine x2  
  39  4:07  Supply Depot  
  41  4:16  Command Center  
  41  4:46  Marine x2  
  43  4:58  SCV  
  44  5:02  Battlecruiser  
  44  5:04  Marine x2  
  52  5:10  SCV  
  53  6:00  Marine x2  
Show
View Real Time Build Order
Export as new Build Order

pHARM Zerg 

Build Orders: Hatch First 

Get SALT Encoding   

  12  0:01  Drone  
  13  0:13  Drone  
  14  0:16  Overlord  
  14  0:25  Drone, Extractor  
  15  0:35  Drone  
  16  0:36  Drone  
  17  0:48  Drone  
  18  1:01  Drone  
  19  1:06  Hatchery  
  18  1:13  Spawning Pool  
  18  1:16  Drone  
  18  1:27  Drone  
  18  1:31  Drone  
  20  1:35  Extractor  
  19  1:40  Drone  
  20  1:59  Drone  
  21  2:07  Zergling x2  
  22  2:14  Overlord  
  22  2:17  Queen  
  24  2:23  Drone x2  
  24  2:25  Queen  
  28  2:33  Drone  
  29  2:37  Drone  
  29  2:41  Drone  
  31  2:46  Drone  
  32  2:52  Drone  
  32  2:57  Metabolic Boost  
  33  3:08  Drone  
  33  3:09  Baneling Nest, Drone x2  
  35  3:30  Zergling x2  
  35  3:31  Overlord x2  
  36  3:35  Spine Crawler  
  36  3:37  Spine Crawler  
  34  3:59  Overlord x2  
  34  4:01  Drone  
  34  4:02  Drone x6  
  41  4:20  Lair  
  41  4:23  Queen  
  43  4:27  Hatchery  
  42  4:35  Drone x9  
  51  4:42  Extractor  
  51  4:43  Extractor  
  49  4:46  Zergling x2  
  50  4:57  Drone  
  43  5:31  Spore Crawler x3  
  43  5:33  Spore Crawler  
  37  5:38  Queen x2  
  37  5:53  Hydralisk Den  
  28  6:08  Drone  
  28  6:09  Spore Crawler, Drone x16  
  28  6:10  Spore Crawler  
  44  6:28  Spore Crawler  
  44  6:30  Spore Crawler  
  44  6:31  Spore Crawler  
Tags
 
League
Platinum
Matchup
TvZ
Replay Pack
10.7.19
Spawn Locations
Cross Positions
Add a new tag
Caveats
  • Supply blocks, unpowered buildings, or Contaminate may cause inaccurate times.
  • Supply counts are checked every 10 seconds.